[Event "*** Titled Tuesday Blitz"]
[Site "Chess.com"]
[Date "2021.04.06"]
[Round "7"]
[White "cukin84"]
[Black "VladimirBugayev"]
[Result "1/2-1/2"]
[WhiteElo "2099"]
[BlackElo "2256"]
[TimeControl "180+1"]
[EndTime "11:15:06 PDT"]
[Termination "Game drawn by repetition"]

1. e4 c6 2. d4 d5 3. exd5 cxd5 4.
Bd3 Nc6 5. c3 Nf6 6. h3 g6 7.
Nf3 Bf5 8. Bxf5 gxf5 9. Bf4 Ne4 10. Nbd2 e6 11. Ne5 Bd6 12. Nxc6 bxc6 13. Bxd6 Qxd6 14. Nxe4 fxe4 15. b4 a5 16. a3 e3 17. O-O Rg8 18.
fxe3 Qg3 19. Qf3 f5 20. Qxg3 Rxg3 21. Kf2 Rg7 22. bxa5 Rxa5 23. Rfb1 Rga7 24. Rb8+ Kd7 25. Rh8 Kd6 26. Rd8+ Ke7 27. Rh8 Kd6 28. Rd8+ Ke7 29. Rc8 Kd7 30. Rg8 Kd6 31. Rd8+ 1/2-1/2

[Event "*** Titled Tuesday Blitz"]
[Site "Chess.com"]
[Date "2021.04.06"]
[Round "7"]
[White "MoreChessJulia"]
[Black "mamonika"]
[Result "0-1"]
[WhiteElo "2092"]
[BlackElo "2035"]
[TimeControl "180+1"]
[EndTime "11:15:07 PDT"]
[Termination "mamonika won by resignation"]

1. d4 d5 2. Bg5 Nf6 3. Nd2 c5 4. e3 Nc6 5. c3 Bf5 6. f4 Ne4 7. Nxe4 Bxe4 8. Nf3 cxd4 9. exd4 Qb6 10. Qb3 Qxb3 11.
axb3 Bc2 12. b4 e6 13. Kd2 Be4 14. Be2 Bd6 15. g3 h6 16. Bh4 f6 17. g4 Bxf4+ 18. Kd1 h5 19. g5 fxg5 20. Nxg5 Bxg5 21. Bxg5 Bxh1 0-1

[Event "*** Titled Tuesday Blitz"]
[Site "Chess.com"]
[Date "2021.04.06"]
[Round "7"]
[White "CSB7"]
[Black "m_ezat"]
[Result "1-0"]
[WhiteElo "2689"]
[BlackElo "2563"]
[TimeControl "180+1"]
[EndTime "11:15:14 PDT"]
[Termination "CSB7 won by resignation"]

1. d4 Nf6 2. c4 g6 3. Nc3 Bg7 4. e4 d6 5. Nf3 O-O 6. Be2 e5 7. dxe5 dxe5 8. Qxd8 Re8 9. Qd1 Nc6 10. O-O Bg4 11. Be3 Rad8 12. Qb3 b6 13. h3 Bxf3 14. Bxf3 Nd4 15. Bxd4 exd4 16. Nd5 Nd7 17. Nxc7 Ne5 18. Nxe8 Rxe8 19. Rad1 Rd8 20. Be2 1-0

[Event "*** Titled Tuesday Blitz"]
[Site "Chess.com"]
[Date "2021.04.06"]
[Round "7"]
[White "SaqoChess_Twitch"]
[Black "ChronicUnhappiness"]
[Result "1-0"]
[WhiteElo "2456"]
[BlackElo "2317"]
[TimeControl "180+1"]
[EndTime "11:15:38 PDT"]
[Termination "SaqoChess_Twitch won by resignation"]

1. d4 d5 2. e3 Nf6 3. Nf3 e6 4. Be2 c5 5. O-O Nc6 6. dxc5 Bxc5 7. a3 O-O 8. b4 Bd6 9. Bb2 a6 10. Nbd2 b5 11. Nb3 Ne4 12. Nfd2 f5 13. Nxe4 fxe4 14. Nd4 Ne5 15. f4 exf3 16. Nxf3 Nxf3+ 17. Bxf3 Qh4 18. g3 Qg5 19. e4 Qe3+ 20. Kg2 dxe4 21.
Bg4 Rxf1 22. Qxf1 Bb7 23. Rd1 Bc7 24. Rd7 e5 25. Qf7+ 1-0

[Event "*** Titled Tuesday Blitz"]
[Site "Chess.com"]
[Date "2021.04.06"]
[Round "7"]
[White "Treacherous_horse64"]
[Black "Koalaskakistis"]
[Result "0-1"]
[WhiteElo "2424"]
[BlackElo "2589"]
[TimeControl "180+1"]
[EndTime "11:15:43 PDT"]
[Termination "Koalaskakistis won by resignation"]

1. d4 Nf6 2. Nf3 g6 3. Nbd2 Bg7 4. e4 O-O 5. e5 Ne8 6. h4 d6 7. h5 dxe5 8. dxe5 Nc6 9. Qe2 Bg4 10.
e6 fxe6 11. hxg6 hxg6 12. Qe4 Bf5 13. Qh4 Nf6 14. Bc4 Nb4 15. Bb3 Nxc2+ 16. Bxc2 Bxc2 17. Nd4 g5 18. Qxg5 Qxd4 0-1

[Event "*** Titled Tuesday Blitz"]
[Site "Chess.com"]
[Date "2021.04.06"]
[Round "7"]
[White "Aslanov_Umid"]
[Black "Cryptochess"]
[Result "1/2-1/2"]
[WhiteElo "2410"]
[BlackElo "2550"]
[TimeControl "180+1"]
[EndTime "11:15:45 PDT"]
[Termination "Game drawn by repetition"]

1. e4 e5 2. Nf3 Nf6 3. d4 Nxe4 4. Nxe5 d6 5. Nf3 d5 6. Bd3 Bd6 7. O-O O-O 8. h3 Nd7 9. c4 c6 10. Nc3 Nxc3 11. bxc3 dxc4 12. Bxc4 Nf6 13. Bg5 Bf5 14. Bd3 Bxd3 15. Qxd3 h6 16. Bh4 Re8 17. Rfe1 g5 18. Bg3 Bxg3 19. fxg3 Qd6 20. Ne5 Nd7 21.
Nxf7 Kxf7 22. Qh7+ Kf8 23. Qh8+ Kf7 24. Qh7+ Kf8 25.
Qh8+ Kf7 26. Qh7+ 1/2-1/2

[Event "*** Titled Tuesday Blitz"]
[Site "Chess.com"]
[Date "2021.04.06"]
[Round "7"]
[White "aljado"]
[Black "Fischerev7"]
[Result "1-0"]
[WhiteElo "2125"]
[BlackElo "2265"]
[TimeControl "180+1"]
[EndTime "11:15:57 PDT"]
[Termination "aljado won by resignation"]

1. e4 c5 2. Nf3 d6 3. c3 Nf6 4. Bc4 e6 5. Qe2 Be7 6. O-O O-O 7. Rd1 d5 8. Bb3 Nxe4 9. Bc2 Nf6 10. d4 cxd4 11.
cxd4 Nc6 12. Nc3 h6 13. h3 a6 14. Ne5 Nxe5 15. dxe5 Nd7 16. Bxh6 gxh6 17. Qd3 f5 18.
exf6 Nxf6 19. Qg6+ Kh8 20. Qxh6+ Kg8 21. Qg6+ Kh8 22.
Rd4 Ne4 23. Bxe4 dxe4 24. Rxd8 Rxd8 25. Nxe4 Bd7 26. Nf6 Bxf6 27. Qxf6+ Kg8 28. Rd1 1-0

[Event "*** Titled Tuesday Blitz"]
[Site "Chess.com"]
[Date "2021.04.06"]
[Round "7"]
[White "gmgamil"]
[Black "Hasangatin_Ramil"]
[Result "1-0"]
[WhiteElo "2806"]
[BlackElo "2580"]
[TimeControl "180+1"]
[EndTime "11:15:58 PDT"]
[Termination "gmgamil won by resignation"]

1. d4 Nf6 2. Nc3 d5 3. Bg5 Nbd7 4. f3 c6 5. e4 dxe4 6. fxe4 e5 7.
dxe5 Nxe5 8. Qxd8+ Kxd8 9. O-O-O+ Ke8 10. Nf3 Nxf3 11. gxf3 Be6 12. Be3 Nd7 13. Rg1 g6 14. Bd4 Rg8 15. f4 f5 16. exf5 Bf7 17. Bh3 gxf5 18.
Rge1+ Kd8 19. Bxf5 Kc7 20. Bxd7 Kxd7 21. Bb6+ Bd6 22.
Bc5 Bd5 23. Nxd5 Bxc5 24. Nb6+ Kc7 25. Nxa8+ Rxa8 26. Re5 Bd6 27. Rf5 Bc5 28. Rxc5 1-0

[Event "*** Titled Tuesday Blitz"]
[Site "Chess.com"]
[Date "2021.04.06"]
[Round "7"]
[White "INDIAN-ELEPHANT"]
[Black "Jumbo"]
[Result "1/2-1/2"]
[WhiteElo "2721"]
[BlackElo "2832"]
[TimeControl "180+1"]
[EndTime "11:16:02 PDT"]
[Termination "Game drawn by repetition"]

1. d4 Nf6 2. Nf3 e6 3. c4 Bb4+ 4. Nc3 b6 5. Bd2 Bb7 6. e3 O-O 7. Bd3 d5 8. O-O a5 9. a3 Bd6 10. cxd5 exd5 11. Nb5 Be7 12. Rc1 c6 13. Nc3 c5 14. a4 Nc6 15. Nb5 Nb4 16. Be2 Ne4 17.
Bc3 Re8 18. Nd2 Nf6 19. dxc5 Bxc5 20. Nb3 Ne4 21. Bd4 Na2 22. Ra1 Nb4 23. Rc1 Na2 24. Ra1 Nb4 25. Rc1 1/2-1/2

[Event "*** Titled Tuesday Blitz"]
[Site "Chess.com"]
[Date "2021.04.06"]
[Round "7"]
[White "Shankovskyi"]
[Black "Irishchessman16"]
[Result "0-1"]
[WhiteElo "2447"]
[BlackElo "2296"]
[TimeControl "180+1"]
[EndTime "11:16:08 PDT"]
[Termination "Irishchessman16 won by checkmate"]

1. e4 c5 2. Nf3 Nc6 3. d4 cxd4 4.
Nxd4 Nf6 5. Nc3 e5 6. Nxc6 bxc6 7. Bg5 Bb4 8. Bd3 h6 9. Bh4 d6 10. O-O g5 11. Bg3 h5 12. a3 Bxc3 13. bxc3 h4 14. Bxe5 dxe5 15. Qf3 g4 16. Qe3 g3 17. h3 Rg8 18.
Rad1 Qe7 19. Bc4 Be6 20. Bxe6 Qxe6 21. fxg3 Rxg3 22. Qc5 Nxe4 23. Qb4 Qg6 24. Rf2 Nxf2 25. Kxf2 Rxg2+ 26. Ke3 Qg3+ 27. Ke4 Qf4+ 28. Kd3 Rd8+ 29. Qd4 Rxd4+ 30. cxd4 Qxd4# 0-1

[Event "*** Titled Tuesday Blitz"]
[Site "Chess.com"]
[Date "2021.04.06"]
[Round "7"]
[White "MalyDominator"]
[Black "PolandHussars"]
[Result "0-1"]
[WhiteElo "2495"]
[BlackElo "2622"]
[TimeControl "180+1"]
[EndTime "11:16:09 PDT"]
[Termination "PolandHussars won by resignation"]

1. e4 e5 2. Nf3 Nc6 3. Bb5 g6 4. c3 d6 5. d4 Bd7 6. h4 h6 7.
d5 Nce7 8. Bxd7+ Qxd7 9. h5 g5 10. Be3 f5 11. exf5 Nxf5 12. Qe2 Nf6 13. Nbd2 Nxd5 14.
O-O-O Ndxe3 15. fxe3 Ng3 16. Qd3 Nxh1 17. Ne4 Bg7 18.
Rxh1 O-O-O 19. Rd1 Rhf8 20. c4 Qf5 21. Nfd2 Kb8 22. Qb3 Qe6 23. Nc3 Rf2 24. g3 e4 25.
Ndxe4 Rh2 26. Kb1 Bxc3 27. Nxc3 Qxe3 28. Qa4 a6 29. Nd5 Qxg3 30. Qa5 Rc8 31. Ne7 Qf2 32. Qb4 Qc2+ 0-1

[Event "*** Titled Tuesday Blitz"]
[Site "Chess.com"]
[Date "2021.04.06"]
[Round "7"]
[White "Marianov_Podstavnikov"]
[Black "chescomhuynya"]
[Result "1-0"]
[WhiteElo "2385"]
[BlackElo "2558"]
[TimeControl "180+1"]
[EndTime "11:16:09 PDT"]
[Termination "Marianov_Podstavnikov won by resignation"]

1. e4 d5 2. exd5 Nf6 3. d4 Bg4 4. f3 Bf5 5. g4 Bg6 6. c4 c6 7. g5 Nh5 8. f4 Qd7 9. Nc3 cxd5 10. Be2 dxc4 11. Bxh5 Bxh5 12. Qxh5 Qxd4 13. Qf3 Nc6 14. Nge2 Qd7 15. Be3 e6 16. Rd1 Qc8 17. Nd4 Nb4 18. O-O Be7 19. Kh1 O-O 20. f5 e5 21. f6 exd4 22.
fxe7 Re8 23. Qxf7+ Kh8 24. Bxd4 Qc6+ 25. Kg1 Qg6 26. Qf8+ 1-0

[Event "*** Titled Tuesday Blitz"]
[Site "Chess.com"]
[Date "2021.04.06"]
[Round "7"]
[White "BogdanDeac"]
[Black "jefferyx"]
[Result "1/2-1/2"]
[WhiteElo "3065"]
[BlackElo "2984"]
[TimeControl "180+1"]
[EndTime "11:16:12 PDT"]
[Termination "Game drawn by repetition"]

1. e4 c6 2. Nf3 d5 3. d3 Bg4 4.
h3 Bxf3 5. Qxf3 e6 6. g3 Bc5 7.
Bg2 Ne7 8. O-O O-O 9. c3 Nd7 10. d4 dxe4 11. Qxe4 Bd6 12. Nd2 b5 13. a4 Qb6 14.
axb5 cxb5 15. Qd3 Rac8 16. Ne4 Bb8 17. b3 Nd5 18. c4 Nb4 19. Qc3 Nd5 20. Qd3 Nb4 21.
Qc3 Nd5 22. Qd3 1/2-1/2

[Event "*** Titled Tuesday Blitz"]
[Site "Chess.com"]
[Date "2021.04.06"]
[Round "7"]
[White "jd001"]
[Black "lucachess49"]
[Result "0-1"]
[WhiteElo "2156"]
[BlackElo "2410"]
[TimeControl "180+1"]
[EndTime "11:16:16 PDT"]
[Termination "lucachess49 won by checkmate"]

1. d4 Nf6 2. c4 e6 3. Nf3 a6 4.
g3 b5 5. b3 c5 6. Bg2 Bb7 7.
dxc5 Bxc5 8. cxb5 axb5 9. O-O O-O 10.
Bb2 d6 11. Nc3 Qb6 12. e3 Nbd7 13. Qd3 b4 14. Na4 Rxa4 15. bxa4 Ba6 16. Qb3 Bxf1 17.
Bxf1 Ra8 18. Bb5 Qb7 19. Nd4 Ne5 20. Qd1 Rc8 21. f4 Neg4 22. Qe2 Qe4 23. Re1 Bxd4 24. Bxd4 Rc2 25. Qd3 Qg2# 0-1

[Event "*** Titled Tuesday Blitz"]
[Site "Chess.com"]
[Date "2021.04.06"]
[Round "7"]
[White "rugbyclub"]
[Black "Tekushka"]
[Result "0-1"]
[WhiteElo "2252"]
[BlackElo "2401"]
[TimeControl "180+1"]
[EndTime "11:16:17 PDT"]
[Termination "Tekushka won by resignation"]

1. c4 e5 2. Nc3 Bb4 3. Qc2 Nf6 4. e3 Bxc3 5. Qxc3 Nc6 6. Nf3 Qe7 7. Be2 d5 8. d4 e4 9. Nd2 O-O 10. O-O Be6 11. a3 Nd7 12. b4 Qg5 13. f4 exf3 14.
Bxf3 Nf6 15. e4 dxe4 16. Nxe4 Nxe4 17. Bxe4 Qg4 18. Bxc6 bxc6 19. Bb2 f6 20. Rae1 Rfe8 21. h3 Qg6 22. Qf3 Bxc4 23. Rf2 0-1

[Event "*** Titled Tuesday Blitz"]
[Site "Chess.com"]
[Date "2021.04.06"]
[Round "7"]
[White "profofchess"]
[Black "KetiGrant"]
[Result "1-0"]
[WhiteElo "2512"]
[BlackElo "2359"]
[TimeControl "180+1"]
[EndTime "11:16:19 PDT"]
[Termination "profofchess won on time"]

1. e4 c5 2. Nf3 Nc6 3. Bb5 g6 4. O-O Bg7 5. Re1 Nf6 6. e5 Nd5 7. Nc3 Nc7 8. Bxc6 dxc6 9. Ne4 Ne6 10. d3 O-O 11. Be3 b6 12. Qd2 f5 13. exf6 exf6 14. Bh6 Nd4 15. Nxd4 cxd4 16. Bxg7 Kxg7 17. Qf4 c5 18. Re2 Bb7 19. Nd6 Bd5 20. Rae1 Kh8 21. Re7 g5 22. Qg3 1-0

[Event "*** Titled Tuesday Blitz"]
[Site "Chess.com"]
[Date "2021.04.06"]
[Round "7"]
[White "chessmadara"]
[Black "chess4life23"]
[Result "0-1"]
[WhiteElo "2190"]
[BlackElo "2356"]
[TimeControl "180+1"]
[EndTime "11:16:21 PDT"]
[Termination "chess4life23 won by resignation"]

1. e4 c5 2. Nf3 d6 3. d4 cxd4 4.
Nxd4 Nf6 5. Nc3 a6 6. g3 e6 7.
Bg2 Qc7 8. O-O Be7 9. Be3 O-O 10.
f4 Nc6 11. Nxc6 bxc6 12. e5 Nd5 13. exd6 Bxd6 14. Bf2 Nxc3 15. bxc3 Rd8 16. Qf3 Rb8 17. Qxc6 Qa5 18. Rad1 Bb7 19. Qc4 Bxg2 20. Kxg2 Rdc8 21. Qe4 Bc5 22. Qe5 Qb6 23. Rb1 Qc6+ 24. Kh3 Rxb1 0-1

[Event "*** Titled Tuesday Blitz"]
[Site "Chess.com"]
[Date "2021.04.06"]
[Round "7"]
[White "dmjjmd"]
[Black "SHIVACalypso"]
[Result "1-0"]
[WhiteElo "2263"]
[BlackElo "2389"]
[TimeControl "180+1"]
[EndTime "11:16:29 PDT"]
[Termination "dmjjmd won by checkmate"]

1. e4 e6 2. d4 d5 3. Nd2 Nf6 4. e5 Nfd7 5. Bd3 c5 6. c3 Nc6 7. Ngf3 Be7 8. O-O g5 9. dxc5 g4 10. Nd4 Ncxe5 11. Bc2 Bxc5 12. f4 gxf3 13. Nxf3 Qe7 14.
Ba4 Ng6 15. Bg5 Qd6 16. b4 Bb6 17. Kh1 a6 18. Bf6 Rg8 19. Re1 Bc7 20. Nf5 Qf4 21.
Qxd5 Kf8 22. Rxe6 fxe6 23. Qxe6 b5 24. Be7+ Ke8 25. Bd6+ Kd8 26. Bxf4 Nxf4 27. Qe7# 1-0

[Event "*** Titled Tuesday Blitz"]
[Site "Chess.com"]
[Date "2021.04.06"]
[Round "7"]
[White "PSvidler"]
[Black "kuli4ik"]
[Result "1/2-1/2"]
[WhiteElo "2976"]
[BlackElo "2882"]
[TimeControl "180+1"]
[EndTime "11:16:34 PDT"]
[Termination "Game drawn by agreement"]

1. e4 e6 2. Qe2 d5 3. exd5 Nf6 4. dxe6 Bxe6 5. Nf3 Bc5 6. c3 O-O 7. d4 Bb6 8. Qc2 c5 9. dxc5 Bxc5 10. Be2 Nc6 11.
O-O Re8 12. Bg5 h6 13. Bxf6 Qxf6 14. Nbd2 Bb6 15. Rae1 Rac8 16. Bc4 Bf5 17. Rxe8+ Rxe8 18. Bd3 Bg4 19. h3 Bxf3 20. Nxf3 Ne5 21. Nxe5 Qxe5 22. Kh1 Bc7 23. g3 Qd5+ 24. Kg1 Qxa2 25. Be4 Qe6 26. Re1 Kh8 27. Re3 Qd7 28. Bf5 Qd8 29. Rd3 Qf6 30.
Rd7 Re7 31. Rxe7 Qxe7 32. Qe4 Qxe4 33. Bxe4 b6 1/2-1/2

[Event "*** Titled Tuesday Blitz"]
[Site "Chess.com"]
[Date "2021.04.06"]
[Round "7"]
[White "SergioGarciaFuentes"]
[Black "Sadykov_Ramil"]
[Result "0-1"]
[WhiteElo "2328"]
[BlackElo "2501"]
[TimeControl "180+1"]
[EndTime "11:16:35 PDT"]
[Termination "Sadykov_Ramil won by resignation"]

1. Nf3 d5 2. g3 Nf6 3. Bg2 b5 4. O-O e6 5. d4 Be7 6. a4 b4 7. c4 bxc3 8. Nxc3 c5 9. Ne5 O-O 10. e4 Bb7 11. exd5 Nxd5 12. Nxd5 Bxd5 13. dxc5 Bxg2 14.
Kxg2 Bxc5 15. Qf3 Nd7 16. Nd3 Bd4 17. Rd1 e5 18. Be3 Qb6 19. Qd5 Nf6 20. Qxe5 Qb7+ 0-1

[Event "*** Titled Tuesday Blitz"]
[Site "Chess.com"]
[Date "2021.04.06"]
[Round "7"]
[White "WiktoriaPOL"]
[Black "CraiggoryC"]
[Result "1-0"]
[WhiteElo "2052"]
[BlackElo "2227"]
[TimeControl "180+1"]
[EndTime "11:16:35 PDT"]
[Termination "WiktoriaPOL won on time"]

1. e4 e6 2. d4 d5 3. e5 c5 4. c3 Qb6 5. Nf3 Nc6 6. Bd3 cxd4 7.
cxd4 Bd7 8. O-O Nxd4 9. Nbd2 Nc6 10. Nb3 Nge7 11. Be3 Qc7 12. Rc1 Ng6 13. Nc5 Ngxe5 14.
Nxe5 Qxe5 15. Nxb7 d4 16. Bd2 Rb8 17. Re1 Qc7 18. Na5 Rxb2 19. Nxc6 Bxc6 20. Be4 Rb6 21. Ba5 Ba3 22. Bxb6 Qxb6 23. Rxc6 Qb4 24. Rc8+ 1-0

[Event "*** Titled Tuesday Blitz"]
[Site "Chess.com"]
[Date "2021.04.06"]
[Round "7"]
[White "Mikhail_Golubev"]
[Black "Guzman70"]
[Result "1-0"]
[WhiteElo "2565"]
[BlackElo "2354"]
[TimeControl "180+1"]
[EndTime "11:16:38 PDT"]
[Termination "Mikhail_Golubev won by checkmate"]

1. e4 c5 2. Nf3 Nc6 3. Bb5 g6 4. O-O Bg7 5. c3 Nf6 6. d4 cxd4 7. cxd4 Nxe4 8. d5 Nd6 9. Na3 Nxb5 10. Nxb5 a6 11.
Na3 Na7 12. d6 O-O 13. Bg5 f6 14. dxe7 Qxe7 15. Bf4 Qf7 16. Bd6 Re8 17. Qd2 Nb5 18.
Nxb5 axb5 19. Nd4 Qd5 20. Bb4 f5 21. Rfd1 Re4 22. Qg5 Rxd4 23. Qd8+ Kf7 24. Qe7+ Kg8 25. Qe8+ Bf8 26. Qxf8# 1-0

[Event "*** Titled Tuesday Blitz"]
[Site "Chess.com"]
[Date "2021.04.06"]
[Round "7"]
[White "PchelkinVK"]
[Black "InitiatingASC"]
[Result "1-0"]
[WhiteElo "2586"]
[BlackElo "2425"]
[TimeControl "180+1"]
[EndTime "11:16:39 PDT"]
[Termination "PchelkinVK won by resignation"]

1. d4 Nf6 2. Nc3 g6 3. e4 Bg7 4. e5 Ng8 5. Bf4 d6 6. Qf3 Nh6 7. h3 O-O 8. O-O-O a6 9. g4 Kh8 10. Qe3 Ng8 11. Be2 b5 12. h4 Bb7 13. Nf3 b4 14.
Ne4 Bd5 15. h5 Nc6 16. Neg5 h6 17. hxg6 fxg6 18. Bd3 Qe8 19. Be4 Bxe4 20. Qxe4 a5 21. Ne6 Rxf4 22. Nxf4 Kh7 23. Ng5+ 1-0

[Event "*** Titled Tuesday Blitz"]
[Site "Chess.com"]
[Date "2021.04.06"]
[Round "7"]
[White "Spencenzug"]
[Black "Maddie"]
[Result "1-0"]
[WhiteElo "2260"]
[BlackElo "2065"]
[TimeControl "180+1"]
[EndTime "11:16:41 PDT"]
[Termination "Spencenzug won by resignation"]

1. e4 c6 2. d4 d5 3. Nc3 dxe4 4. Nxe4 Nd7 5. Nf3 Ngf6 6. Nxf6+ Nxf6 7. c3 Bg4 8. h3 Bh5 9. g4 Bg6 10. Ne5 Qd5 11.
f3 e6 12. Bg2 Bd6 13. Qe2 Nd7 14. Nxg6 Bg3+ 15. Kf1 hxg6 16. f4 Qd6 17. Qf3 Bh4 18.
Be3 Be7 19. Re1 Nf6 20. f5 gxf5 21. gxf5 O-O-O 22. b4 Nd5 23. b5 Nxe3+ 24. Rxe3 exf5 25. bxc6 bxc6 26. Qxc6+ Qxc6 27. Bxc6 Bg5 28. Re2 f4 29.
Bf3 Rde8 30. Rhh2 Re3 31. Rxe3 fxe3 32. c4 Bf4 33. Rb2 Rxh3 34. Bg4+ 1-0

[Event "*** Titled Tuesday Blitz"]
[Site "Chess.com"]
[Date "2021.04.06"]
[Round "7"]
[White "Brave_spirit12"]
[Black "Borsuk_Konstantin"]
[Result "0-1"]
[WhiteElo "2559"]
[BlackElo "2682"]
[TimeControl "180+1"]
[EndTime "11:16:42 PDT"]
[Termination "Borsuk_Konstantin won by resignation"]

1. e4 e6 2. d4 d5 3. exd5 exd5 4. Nc3 c6 5. Bd3 Bd6 6. Nge2 Qf6 7. Be3 Ne7 8. Qd2 h6 9. O-O-O Nf5 10. Ng3 Nxe3 11. Qxe3+ Kf8 12. Kb1 Na6 13. Rde1 Bd7 14. Bxa6 bxa6 15. Qe2 Qxd4 16. Qxa6 Rb8 17. Re3 Qb6 18.
Qxb6 axb6 19. Rd1 Bf4 20. Rf3 g5 21. h3 h5 22. Nge2 Be5 23. Re3 Bf6 24. f4 g4 25. hxg4 Bxg4 26. Rh1 d4 27. Rg3 dxc3 28. Nxc3 Bxc3 29. bxc3 Ke7 30. Kb2 Kf6 31. Re1 Rhe8 32. Rf1 Rbd8 33. f5 Rd2 0-1

[Event "*** Titled Tuesday Blitz"]
[Site "Chess.com"]
[Date "2021.04.06"]
[Round "7"]
[White "Artyom_ChessMate"]
[Black "Leo_C"]
[Result "1-0"]
[WhiteElo "2540"]
[BlackElo "2390"]
[TimeControl "180+1"]
[EndTime "11:16:42 PDT"]
[Termination "Artyom_ChessMate won by resignation"]

1. e4 c6 2. d4 d5 3. exd5 cxd5 4. Bd3 Nc6 5. c3 Qc7 6. Ne2 Bg4 7. O-O e6 8. Qe1 Nf6 9. f3 Bh5 10. Qh4 Bd6 11. Bg5 Bg6 12. Bxg6 fxg6 13. Na3 Qf7 14.
Nb5 Bb8 15. Rae1 O-O 16. Nf4 a6 17. Na3 Re8 18. Nc2 Nd7 19. Nd3 h6 20. Bd2 e5 21.
dxe5 Ndxe5 22. Nxe5 Bxe5 23. f4 Bf6 24. Qg3 d4 25. f5 gxf5 26. Rxf5 Rxe1+ 27. Nxe1 dxc3 28. Bxc3 Bxc3 29. Rxf7 Bd4+ 30. Rf2 Rf8 31. Nf3 Ne5 32. Nxd4 1-0

[Event "*** Titled Tuesday Blitz"]
[Site "Chess.com"]
[Date "2021.04.06"]
[Round "7"]
[White "chessprincesa1"]
[Black "kallerotmg"]
[Result "0-1"]
[WhiteElo "2214"]
[BlackElo "2097"]
[TimeControl "180+1"]
[EndTime "11:16:42 PDT"]
[Termination "kallerotmg won by resignation"]

1. Nf3 d5 2. g3 Nf6 3. Bg2 Bg4 4.
O-O Nc6 5. d3 Qd7 6. Re1 O-O-O 7. Nbd2 h5 8. b3 e5 9. Bb2 d4 10. Ne4 Nxe4 11. dxe4 Bb4 12. Rf1 h4 13. a3 Be7 14.
Qd3 hxg3 15. fxg3 f5 16. b4 Bf6 17. exf5 Bxf5 18. e4 dxe3 19. Qxe3 e4 20. Bxf6 gxf6 21. Nh4 Rxh4 22. gxh4 Ne5 23. Qf4 Bh7 24. Qxf6 Qd4+ 25.
Qf2 e3 26. Qf6 e2+ 27. Rf2 Qxa1+ 0-1

[Event "*** Titled Tuesday Blitz"]
[Site "Chess.com"]
[Date "2021.04.06"]
[Round "7"]
[White "mr_gustavo"]
[Black "RamyresCoelho"]
[Result "1-0"]
[WhiteElo "2391"]
[BlackElo "2183"]
[TimeControl "180+1"]
[EndTime "11:16:43 PDT"]
[Termination "mr_gustavo won by checkmate"]

1. c4 Nf6 2. Nc3 c5 3. e4 d6 4. d3 e6 5. g3 Nc6 6. Bg2 Be7 7. Nge2 O-O 8. O-O a6 9. h3 Nd4 10. Nxd4 cxd4 11. Ne2 e5 12. f4 b5 13. b3 bxc4 14. bxc4 a5 15. f5 Nd7 16. h4 Nc5 17. Kh2 a4 18.
Ng1 Bd7 19. Nf3 Qa5 20. Bd2 Qa6 21. Be1 a3 22. g4 Rfb8 23. g5 f6 24. gxf6 Bxf6 25.
Ng5 Rb2 26. Qh5 Bxg5 27. hxg5 Nxd3 28. f6 Rxg2+ 29. Kxg2 Nf4+ 30. Rxf4 exf4 31. f7+ Kh8 32. g6 h6 33. Bh4 Qxc4 34. Qxh6+ gxh6 35. Bf6# 1-0

[Event "*** Titled Tuesday Blitz"]
[Site "Chess.com"]
[Date "2021.04.06"]
[Round "7"]
[White "VD_coach"]
[Black "ridnani2021"]
[Result "1-0"]
[WhiteElo "2512"]
[BlackElo "2360"]
[TimeControl "180+1"]
[EndTime "11:16:47 PDT"]
[Termination "VD_coach won by resignation"]

1. Nf3 g6 2. c4 Bg7 3. g3 e5 4.
Bg2 d6 5. O-O f5 6. Nc3 Nf6 7. d3 O-O 8. Rb1 c6 9. b4 Be6 10. b5 Qc7 11. a4 Nbd7 12. Ba3 Rfd8 13. a5 c5 14. Ng5 Bf7 15. Nxf7 Kxf7 16. a6 b6 17. Nd5 Nxd5 18. Bxd5+ Kf8 19. Bxa8 Rxa8 20.
e3 Nf6 21. Qf3 e4 22. dxe4 Nxe4 23. Bb2 Re8 24. Bxg7+ Kxg7 25. Rbd1 Qf7 26. Rd5 Ng5 27.
Qd1 Qe6 28. h4 Ne4 29. Qa1+ Qf6 30. Qxf6+ Kxf6 31. Rfd1 Re6 32. R1d3 Ke7 33. Rb3 Nf6 34. Rd1 Ne4 35. Kg2 Re5 36. Rbd3 Re6 37. f3 Nf6 38.
Kf2 Kd7 39. Rh1 h5 40. Re1 Kc7 41. Ke2 Re7 42. Kd2 Re6 43. Kc2 Re7 44. e4 fxe4 45.
fxe4 Rxe4 46. Rxe4 Nxe4 47. Re3 Nf6 48. Re7+ Nd7 49. Rg7 1-0

[Event "*** Titled Tuesday Blitz"]
[Site "Chess.com"]
[Date "2021.04.06"]
[Round "7"]
[White "attack2mateU"]
[Black "schondeln"]
[Result "1-0"]
[WhiteElo "2680"]
[BlackElo "2380"]
[TimeControl "180+1"]
[EndTime "11:16:47 PDT"]
[Termination "attack2mateU won by resignation"]

1. e4 d5 2. exd5 Qxd5 3. Nc3 Qa5 4. d4 Nf6 5. Nf3 Bf5 6. Bc4 c6 7. Bd2 e6 8. Nd5 Qd8 9. Nxf6+ gxf6 10. O-O Nd7 11.
Re1 Qc7 12. Nh4 Bg6 13. g3 O-O-O 14. c3 Bd6 15. b4 Nb6 16. Bf1 e5 17. c4 Nd7 18. c5 Be7 19. b5 Rhe8 20. Qa4 exd4 21. bxc6 Nxc5 22. Qxa7 bxc6 23. Rxe7 Rxe7 24. Qxc5 Rd5 25. Qc4 Kd7 26. Rc1 Qb6 27. Nxg6 hxg6 28. Bg2 Rd6 29. Bb4 Rde6 30. Bxe7 1-0

[Event "*** Titled Tuesday Blitz"]
[Site "Chess.com"]
[Date "2021.04.06"]
[Round "7"]
[White "Deepweb2020"]
[Black "FeketeBarika"]
[Result "1-0"]
[WhiteElo "2518"]
[BlackElo "2281"]
[TimeControl "180+1"]
[EndTime "11:16:48 PDT"]
[Termination "Deepweb2020 won on time"]

1. e4 e6 2. b3 d5 3. exd5 exd5 4. Nf3 Bd6 5. Bb2 Nf6 6. Be2 O-O 7. O-O Bg4 8. d4 Re8 9. c4 c6 10. Nc3 Nbd7 11. h3 Bh5 12. Re1 Bc7 13. Qc2 Ne4 14.
Rad1 Ndf6 15. Ne5 Bxe2 16. Rxe2 Nxc3 17. Bxc3 dxc4 18. bxc4 Qd6 19. Qb3 b6 20. Nxf7 Kxf7 21. c5+ Qd5 22. Qc2 Rxe2 23. Qxe2 Re8 24. Qd3 bxc5 25. Qa6 Bb6 26. Qa4 cxd4 27. Bxd4 c5 28. Bxf6 Qe4 29. Ba1 Qxa4 30. Rd2 Re1+ 31. Kh2 1-0

[Event "*** Titled Tuesday Blitz"]
[Site "Chess.com"]
[Date "2021.04.06"]
[Round "7"]
[White "krasavetc"]
[Black "evgchess5"]
[Result "0-1"]
[WhiteElo "2394"]
[BlackElo "2899"]
[TimeControl "180+1"]
[EndTime "11:16:49 PDT"]
[Termination "evgchess5 won by resignation"]

1. e4 c5 2. Nf3 e6 3. c3 d5 4.
e5 Nc6 5. Bb5 Bd7 6. Bxc6 Bxc6 7.
d3 h6 8. O-O Ne7 9. Bf4 g5 10.
Be3 Nf5 11. d4 b6 12. Nbd2 Bb5 13. Re1 g4 14. a4 Bc6 15. Bf4 gxf3 16. Qxf3 Rg8 17. g3 Be7 18. Be3 Bg5 19. a5 Bxe3 20. fxe3 b5 21. Kh1 Qg5 22. b3 h5 23. Re2 h4 24. gxh4 Qxh4 25. Rg2 O-O-O 26. Rag1 Rxg2 27.
Rxg2 Qe1+ 28. Nf1 Qxc3 29. Rc2 Qxc2 0-1